 Dungeon Crawl Stone Soup version 0.17.1-3-g152610e (webtiles) character file.

6360 jacquesderrida the Summoner (level 10, -13/67 HPs)
             Began as a Demonspawn Summoner on Apr 7, 2016.
             Was a Believer of Ashenzari.
             Killed from afar by an electric eel (14 damage)
             ... with a bolt of electricity
             ... on level 6 of the Lair of Beasts.
             The game lasted 00:36:12 (4386 turns).

jacquesderrida the Summoner (Demonspawn Summoner)   Turns: 4386, Time: 00:36:13

Health: -13/67     AC:  6    Str: 12    XL:     10   Next: 65%
Magic:  0/19       EV: 17    Int: 23    God:    Ashenzari [**....]
Gold:   517        SH:  0    Dex: 22    Spells: 5 memorised, 8 levels left

rFire  + . .     SeeInvis .     D - +9 falchion of Qazlal's Condemnation {freeze, rC+ Int+3} (curse)
rCold  + + .     Clarity  .     l - +2 robe {rF+} (curse)
rNeg   . . .     SustAt   .     (no shield)
rPois  .         Gourm    .     (no helmet)
rElec  .         Spirit   +     q - +1 cloak (curse)
rCorr  .         Warding  .     (no gloves)
rMut   .         Stasis   .     (no boots)
MR     .....                    (no amulet)
Stlth  ++++......               e - +3 ring of intelligence
                                n - +5 ring of dexterity (curse)

@: not resistant to hostile enchantments, stealthy
A: talons 1, thin skeletal structure 2, cold resistance 1, demonic guardian 1,
magic shield, magic regeneration
a: Scrying, Renounce Religion


You were on level 6 of the Lair of Beasts.
You worshipped Ashenzari.
Ashenzari was pleased with you.
You were not hungry.

You visited 3 branches of the dungeon, and saw 15 of its levels.

You collected 517 gold pieces.

Inventory:

Hand Weapons
 D - the cursed +9 falchion of Qazlal's Condemnation (weapon) {freeze, rC+ Int+3}
   (You found it on level 5 of the Dungeon)

   It has been specially enchanted to freeze those struck by it, causing extra
   injury to most foes and up to half again as much damage against particularly
   susceptible opponents.
   It can also slow down cold-blooded creatures.
   It affects your intelligence (+3).
   It protects you from cold.
   It has a curse placed upon it.
Missiles
 H - 6 tomahawks (quivered)
Armour
 l - a cursed +2 robe of fire resistance (worn)
 o - a +0 buckler
 q - a cursed +1 cloak (worn)
Jewellery
 e - a +3 ring of intelligence (right hand)
 k - an uncursed ring of ice
 n - a cursed +5 ring of dexterity (left hand)
 E - a +3 ring of strength
 J - an uncursed ring of protection from magic
Wands
 g - a wand of digging (24)
 j - a wand of flame (15)
 r - a wand of enslavement (0)
 I - a wand of polymorph (13)
Scrolls
 a - 8 scrolls of enchant weapon
 d - 4 scrolls of curse armour
 h - a scroll of identify
 i - a scroll of curse weapon
 p - 2 scrolls of fog
 s - 3 scrolls of teleportation
 v - 4 scrolls of amnesia
 w - a scroll of fear
 y - a scroll of blinking
 C - 2 scrolls of recharging
 K - 2 scrolls of remove curse
Potions
 m - 3 potions of haste
 t - 5 potions of curing
 x - 2 potions of brilliance {unknown}
 z - a potion of cure mutation
 A - a potion of agility {unknown}
 B - a potion of lignification {unknown}
 F - 2 potions of invisibility
Books
 b - a book of Callings

   Spells                             Type                      Level
   a - Summon Small Mammal            Summoning                    1
   b - Call Imp                       Summoning                    2
   c - Call Canine Familiar           Summoning                    3
   d - Summon Guardian Golem          Hexes/Summoning              3
   e - Summon Lightning Spire         Summoning/Air                4
   f - Summon Ice Beast               Ice/Summoning                4
 u - a book of the Dragon

   Spells                             Type                      Level
   a - Flame Tongue                   Conjuration/Fire             1
   b - Cause Fear                     Hexes                        4
   c - Bolt of Fire                   Conjuration/Fire             6
   d - Dragon Form                    Transmutation                7
   e - Dragon's Call                  Summoning                    9
Comestibles
 c - 9 bread rations
 f - 7 meat rations
 G - 5 chunks of flesh


   Skills:
 + Level 1.8 Fighting
 + Level 7.6(9.9) Long Blades
 + Level 5.5 Dodging
 - Level 1.7 Stealth
 - Level 6.3 Spellcasting
 + Level 10.4 Summonings
 - Level 3.7 Ice Magic


You had 8 spell levels left.
You knew the following spells:

 Your Spells              Type           Power        Failure   Level  Hunger
a - Summon Guardian Gole  Hex/Summ       ####....     3%          3    #......
b - Summon Ice Beast      Ice/Summ       #####...     6%          4    ###....
c - Call Canine Familiar  Summ           ######..     1%          3    #......
e - Flame Tongue          Conj/Fire      #....        10%         1    None
f - Call Imp              Summ           ######..     1%          2    None


Dungeon Overview and Level Annotations

Branches:
Dungeon (8/15)             Temple (1/1) D:5            Lair (6/8) D:8
  Snake (0/4) Lair:5
  Swamp: Lair:3-6    Shoals: Lair:3-6     Slime: Lair:6-8

Altars:
Ashenzari
Cheibriados
Dithmenos
Fedhas
Gozag
Kikubaaqudgha
Makhleb
Okawaru
Ru
Sif Muna
Vehumet
Zin
The Shining One

Annotations:
Lair:1 grippy's ghost, journeyman MiGl
Lair:3 SWAMP?!?!?!


Innate Abilities, Weirdness & Mutations

You have sharp toenails.
You have a moderately thin skeletal structure (Dex +4, Stealth+).
Your flesh is cold resistant.
A weak demonic guardian rushes to your aid.
When hurt, damage is shared between your health and your magic reserves.
You regenerate magic rapidly.


Message History

The elephant trunk-slaps your ice beast.
Your ice beast hits the elephant but does no damage.
Your ice beast hits the elephant.
Your ice beast freezes the elephant!
Unknown command.
The elephant tramples your ice beast!
Your ice beast holds its ground!
The elephant trunk-slaps your ice beast but does no damage.
Your ice beast hits the elephant but does no damage.
Unknown command.
The elephant tramples your ice beast.
Your ice beast holds its ground!
The elephant trunk-slaps your ice beast but does no damage.
The crocodile bites you!
* * * LOW HITPOINT WARNING * * *
Your ufetubus hits the elephant but does no damage. x2
Your ice beast hits the elephant.
Your ice beast freezes the elephant!
Your ice beast hits the elephant but does no damage.
The electric eel shoots out a bolt of lightning at you!
The bolt of electricity hits you!
* * * LOW HITPOINT WARNING * * *
The bolt of electricity hits you!
You die...

.≈.≈...≈...PPP.......... ,
≈.≈.≈.≈≈≈..PPP..#,.....# , *
..≈.≈≈.≈....#.P..##.....#.# ,
≈≈≈...≈;..##..PYY.......... ♣
...≈.≈≈≈.......8Y5.......... ..
≈..≈≈......................
.P♣♣.≈.≈♣♣.....†..............
.PPP.♣♣♣......................
.PPP..♣♣........@###.........#,*
..P.P.#........t.#..#P.......#
...............P..............,
, .....†......<...P...........#.
...†...##.......P...#.....##.. ,
.............(......#....PP# .
....P..........##...#....PPP#
.P..P.P.........#........P..#*
................#...#......#.


You could see an elephant, a crocodile, an electric eel, 2 friendly ice beasts
and a friendly ufetubus.

Vanquished Creatures
  Pikel (D:5)
  A black mamba (Lair:5)
  An elephant (Lair:6)
  A komodo dragon (Lair:1)
  A polar bear (Lair:5)
  2 wolves (Lair:3)
  2 porcupines
  4 water moccasins
  A slave (D:5)
  2 ogres
  3 centaurs
  A crocodile (Lair:2)
  2 giant frogs
  A scorpion (Lair:3)
  3 crimson imps
  A jelly (D:7)
  Ijyb (D:3)
  A hound (D:7)
  A giant frog skeleton (D:7)
  4 worker ants
  2 orc wizards (D:8)
  A sheep (Lair:2)
  A hound skeleton (D:5)
  5 adders
  A river rat (Lair:1)
  An adder skeleton (D:7)
  An adder zombie (D:5)
  8 orcs
  A goblin (D:3)
  A hobgoblin (D:2)
  5 kobolds
  4 bats
  4 giant newts
  A rat (D:2)
70 creatures vanquished.

Vanquished Creatures (collateral kills)
  A hydra (Lair:5)
  2 elephants (Lair:6)
  Joseph (D:7)
  A komodo dragon (Lair:1)
  6 yaks (Lair:5)
  A wyvern (Lair:3)
  2 hippogriffs
  A basilisk (Lair:3)
  A fire elemental (Lair:3)
  Menkaure (D:6)
  3 nagas (Lair:5)
  A wolf (Lair:3)
  3 porcupines
  2 ogres (D:6)
  An orc warrior (D:6)
  A sky beast (D:5)
  A crocodile (Lair:1)
  A brain worm (Lair:3)
  A big kobold (D:7)
  5 giant frogs
  A wight (D:7)
  3 killer bees
  A crimson imp (D:7)
  Crazy Yiuf (D:3)
  A centaur skeleton (D:6)
  An iguana (Lair:5)
  6 orc wizards
  A killer bee zombie (D:7)
  3 sheep (Lair:2)
  2 adders
  2 river rats (Lair:1)
  A giant gecko (D:4)
  5 orcs
  A ball python (D:1)
  A bat (D:3)
  A giant cockroach zombie (D:6)
  2 giant newts
  A goblin (D:2)
  2 kobolds (D:7)
  2 quokkas
  2 rats
  4 fungi
80 creatures vanquished.

Vanquished Creatures (others)
  An elephant (Lair:6)
  A centaur skeleton (D:7)
  2 orcs
  2 plants (Lair:6)
6 creatures vanquished.

Grand Total: 156 creatures vanquished

Notes
Turn   | Place    | Note
--------------------------------------------------------------
     0 | D:1      | jacquesderrida the Demonspawn Summoner began the quest for the Orb.
     0 | D:1      | Reached XP level 1. HP: 13/13 MP: 3/3
   257 | D:2      | Gained mutation: When hurt, damage is shared between your health and your magic reserves. [demonic ancestry]
   257 | D:2      | Reached XP level 2. HP: 10/19 MP: 1/5
   401 | D:2      | Learned a level 2 spell: Call Imp
   627 | D:3      | Noticed Ijyb
   768 | D:3      | Killed Ijyb
   768 | D:3      | Reached skill level 5 in Summonings
   768 | D:3      | Gained mutation: You have a somewhat thin skeletal structure (Dex +2, Stealth). [demonic ancestry]
   768 | D:3      | Reached XP level 3. HP: 12/24 MP: 2/6
   819 | D:3      | Learned a level 3 spell: Call Canine Familiar
   919 | D:3      | Noticed Crazy Yiuf
   951 | D:3      | Killed Crazy Yiuf
  1023 | D:4      | Gained mutation: You regenerate magic rapidly. [demonic ancestry]
  1023 | D:4      | Reached XP level 4. HP: 30/30 MP: 1/7
  1106 | D:4      | Reached skill level 6 in Summonings
  1156 | D:4      | Gained mutation: You have a moderately thin skeletal structure (Dex +4, Stealth+). [demonic ancestry]
  1156 | D:4      | Reached XP level 5. HP: 31/35 MP: 8/8
  1174 | D:4      | Found a burning altar of Makhleb.
  1177 | D:4      | Found a radiant altar of Vehumet.
  1180 | D:4      | Found a snail-covered altar of Cheibriados.
  1284 | D:5      | Entered Level 5 of the Dungeon
  1314 | D:5      | Found a staircase to the Ecumenical Temple.
  1332 | Temple   | Entered the Ecumenical Temple
  1352 | Temple   | Became a worshipper of Ashenzari the Shackled
  1411 | D:5      | Learned a level 1 spell: Flame Tongue
  1467 | D:5      | Noticed an ogre
  1480 | D:5      | Killed an ogre
  1523 | D:5      | Found an iron altar of Okawaru.
  1530 | D:5      | Got the falchion of Qazlal's Condemnation {freeze, rC+ Int+3}
  1531 | D:5      | Identified the +9 falchion of Qazlal's Condemnation {freeze, rC+ Int+3} (You found it on level 5 of the Dungeon)
  1535 | D:5      | Noticed a sky beast
  1547 | D:5      | Killed a sky beast
  1547 | D:5      | Gained mutation: You have sharp toenails. [demonic ancestry]
  1547 | D:5      | Reached XP level 6. HP: 33/41 MP: 8/10
  1602 | D:5      | Noticed a slave
  1603 | D:5      | Noticed Pikel
  1603 | D:5      | Noticed a slave
  1611 | D:5      | Noticed a slave
  1612 | D:5      | Noticed a slave
  1626 | D:5      | Killed a slave
  1629 | D:5      | Reached skill level 1 in Long Blades
  1642 | D:5      | Killed Pikel
  1642 | D:5      | Reached skill level 7 in Summonings
  1642 | D:5      | Reached XP level 7. HP: 30/46 MP: 4/13
  1693 | D:5      | NET
  1775 | D:6      | Learned a level 4 spell: Summon Ice Beast
  1790 | D:6      | Noticed Menkaure
  1810 | D:6      | Killed Menkaure
  1810 | D:6      | Reached skill level 1 in Ice Magic
  1810 | D:6      | Reached XP level 8. HP: 16/52 MP: 1/14
  1821 | D:6      | POLNY PZDC!
  1937 | D:6      | Reached skill level 8 in Summonings
  2059 | D:6      | Learned a level 3 spell: Summon Guardian Golem
  2278 | D:7      | Noticed Joseph
  2296 | D:7      | Killed Joseph
  2470 | D:7      | Reached skill level 5 in Long Blades
  2528 | D:7      | Reached * piety under Ashenzari
  2687 | D:8      | Gained mutation: A weak demonic guardian rushes to your aid. [demonic ancestry]
  2687 | D:8      | Reached XP level 9. HP: 55/57 MP: 8/15
  2766 | D:8      | Reached skill level 9 in Summonings
  2798 | D:8      | Found a deep blue altar of Sif Muna.
  3033 | D:8      | Found a staircase to the Lair.
  3050 | Lair:1   | Entered Level 1 of the Lair of Beasts
  3050 | Lair:1   | Noticed a komodo dragon
  3082 | Lair:1   | Killed a komodo dragon
  3118 | Lair:1   | Noticed grippy's ghost (journeyman MiGl)
  3148 | Lair:1   | Noticed a komodo dragon
  3163 | Lair:1   | Killed a komodo dragon
  3167 | Lair:1   | SHA EBANET!
  3570 | Lair:3   | Identified the Grimoire of the Doomed Volcanoes
  3575 | Lair:3   | Reached ** piety under Ashenzari
  3626 | Lair:3   | Reached skill level 5 in Spellcasting
  3944 | Lair:5   | Gained mutation: Your flesh is cold resistant. [demonic ancestry]
  3944 | Lair:5   | Reached XP level 10. HP: 58/63 MP: 15/18
  3948 | Lair:5   | Noticed a black mamba
  3962 | Lair:5   | Killed a black mamba
  3962 | Lair:5   | Reached skill level 10 in Summonings
  3997 | Lair:5   | Noticed an eight-headed hydra
  4007 | Lair:5   | Killed an eight-headed hydra
  4060 | Lair:5   | Reached skill level 5 in Dodging
  4061 | Lair:5   | Found a staircase to the Snake Pit.
  4288 | Lair:6   | Noticed an elephant
  4288 | Lair:6   | Noticed an elephant
  4288 | Lair:6   | Noticed an elephant
  4316 | Lair:6   | Killed an elephant
  4316 | Lair:6   | Reached skill level 1 in Fighting
  4324 | Lair:6   | Killed an elephant
  4331 | Lair:6   | Killed an elephant
  4354 | Lair:6   | Noticed an elephant
  4367 | Lair:6   | Noticed an elephant
  4375 | Lair:6   | Killed an elephant
  4386 | Lair:6   | HP: 1/67 [electric eel/bolt of electricity (7)]
  4386 | Lair:6   | Killed from afar by an electric eel

Action                   |  1- 3 |  4- 6 |  7- 9 | 10-12 || total
-------------------------+-------+-------+-------+-------++-------
Melee: Mace              |     9 |       |       |       ||     9
       Spear             |    57 |       |       |       ||    57
       Quarterstaff      |     1 |    22 |       |       ||    23
       Falchion          |       |    14 |   127 |    33 ||   174
 Cast: Summon Small Mamm |    10 |       |       |       ||    10
       Call Imp          |    11 |     4 |     6 |       ||    21
       Call Canine Famil |     2 |     4 |    21 |     2 ||    29
       Summon Ice Beast  |       |       |    27 |    18 ||    45
       Summon Guardian G |       |       |    10 |     6 ||    16
  Use: Potion            |     2 |     3 |     3 |       ||     8
       Scroll            |       |     1 |    18 |     2 ||    21
 Stab: Sleeping          |     2 |     4 |     6 |     1 ||    13
       Distracted        |       |     2 |       |     1 ||     3
  Eat: Chunk             |     1 |     3 |    14 |       ||    18
       Pizza             |       |       |       |     1 ||     1
       Beef jerky        |       |       |       |     1 ||     1
